 Dungeon Sprint DCSS version 0.31-a0-654-gbe3e110b4e (webtiles) character file.

Game seed: 5014317624366225100

1305 Midn8 the Basher (level 7, -5/53 HPs)
             Began as a Gargoyle Monk on Aug 29, 2023.
             Was a Priest of Ru.
             Slain by a troll (10 damage)
             ... in the Dungeon (Sprint VII: "The Pits").
             The game lasted 00:03:21 (695 turns).

Midn8 the Basher (Gargoyle Monk)                     Turns: 695, Time: 00:03:22

Health: -5/53      AC: 17    Str: 17    XL:     7   Next: 57%
Magic:  7/7        EV:  8    Int: 10    God:    Ru [***...]
Gold:   0          SH:  0    Dex: 12    Spells: 6/6 levels left

rFire   . . .        r - +2 flail (heavy)
rCold   . . .        d - orb {light}
rNeg    + . .        p - +3 chain mail
rPois   ∞            (no helmet)
rElec   +            (no cloak)
rCorr   .            (no gloves)
SInv    .            (no boots)
Will    .....        (no amulet) Stlth
                     (no ring)
HPRegen 0.28/turn    (no ring)
MPRegen 0.10/turn

%: no teleportation
@: glowing
A: sickness immunity, AC +4, negative energy resistance 1, electricity
resistance, torment resistance 1, petrification resistance, unskilled 1,
inexperienced 1
a: Renounce Religion, Draw Out Power


You were in the Dungeon.
You worshipped Ru.
Ru was most pleased with you.
You visited 1 branch

Inventory:

Hand Weapons
 a - a +0 mace
 k - a +2 mace
 r - a +2 heavy flail (weapon)
Armour
 b - a +0 robe
 d - an orb of light (worn)
 p - a +3 chain mail (worn)
 q - a +2 plate armour
Scrolls
 j - a scroll of blinking
 m - 2 scrolls of vulnerability
 n - 5 scrolls of amnesia
 o - a scroll of butterflies
Potions
 c - a potion of ambrosia
 e - 6 potions of curing
 f - 6 potions of heal wounds
 g - a potion of haste
 h - 4 potions of magic
 i - 3 potions of berserk rage
 l - 2 potions of invisibility


   Skills:
 + Level 10.5 Fighting
 - Level 14.0 Maces & Flails
 - Level 4.0 Armour
 - Level 2.1 Dodging


You had 6 spell levels left.
You didn't know any spells.
Your spell library was empty.

Dungeon Overview and Level Annotations

Branches:
Dungeon (1/1)

Altars:
Ashenzari
Cheibriados
Dithmenos
Elyvilon
Fedhas
Gozag
Hepliaklqana
Kikubaaqudgha
Makhleb
Nemelex Xobeh
Okawaru
Qazlal
Ru
Sif Muna
Trog
Uskayaw
Vehumet
Wu Jian
Xom
Yredelemnul
Zin
The Shining One
Jiyva
Lugonu


Innate Abilities, Weirdness & Mutations

You are immune to sickness and miasma.
Your stone body is resilient. (AC +4)
You are immune to poison.
You resist negative energy. (rN+)
You are resistant to electric shocks. (rElec)
You are resistant to unholy torment.
You are immune to petrification.
You are somewhat unskilled. (-1 Apt)
You are somewhat inexperienced. (-1 XL)


Message History

The hornet stings you but does no damage.
The hornet completely misses you.
You barely miss the hornet.
The hornet is stunned by your conviction and fails to attack.
The hornet barely misses you.
You hit the hornet.
The hornet is lightly wounded.
The hornet closely misses you.
You sock the hornet!
The hornet is heavily wounded.
The hornet stings you but does no damage. x2
You closely miss the hornet.
The hornet is heavily wounded.
The hornet stings you.
You sock the hornet!
The hornet is severely wounded.
The hornet closely misses you. The hornet stings you!
You barely miss the hornet.
The hornet is severely wounded.
The hornet stings you! The hornet stings you.
You closely miss the hornet.
The hornet is severely wounded.
The hornet stings you.
You hit the hornet.
The hornet is almost dead.
The hornet stings you but does no damage.
The hornet stings you!
* * * LOW HITPOINT WARNING * * *
You bludgeon the hornet!!
You kill the hornet!
Your Fighting skill increases to level 10!
You bludgeon the troll!!
The troll is heavily wounded.
The troll bites you.
* * * LOW HITPOINT WARNING * * *
The troll claws you but does no damage. The troll barely misses you.
You sock the troll!
The troll is severely wounded.
The troll bites you!
You die...

#.#........##.......#
#'###########.......#
#.......#..##########
#.).#...#.######
#...#...#)#....#
#.##.##.#'#....#
#...#...#.'....+
#...#...#T#....#
#.......@.# ...#
########### ###


You could see a troll.

Vanquished Creatures
  A hornet (D)
  A wyvern (D)
  A water moccasin (D)
  An ogre (D)
  A black bear (D)
  A kobold brigand (D)
  A bullfrog (D)
  A gnoll sergeant (D)
  5 wights (D)
  A quasit (D)
  An orc priest (D)
  2 orc wizards (D)
  An iguana (D)
  5 gnolls (D)
  2 adders (D)
  An adder zombie (D)
  An adder skeleton (D)
  2 orcs (D)
  A giant cockroach (D)
  2 goblins (D)
  A quokka (D)
  3 ball pythons (D)
  A rat (D)
37 creatures vanquished.

Notes
Turn   | Place    | Note
-------+----------+-------------------------------------------
     0 | D        | Midn8 the Gargoyle Monk began the quest for the Orb.
     0 | D        | Reached XP level 1. HP: 14/14 MP: 1/1
    26 | D        | Found a bloodstained altar of Trog.
    26 | D        | Found a shimmering blue altar of Sif Muna.
    26 | D        | Found a viscous altar of Jiyva.
    26 | D        | Found a hazy altar of Hepliaklqana.
    26 | D        | Found an opulent altar of Gozag.
    27 | D        | Found a glowing golden altar of the Shining One.
    27 | D        | Found a glowing silver altar of Zin.
    27 | D        | Found a basalt altar of Yredelemnul.
    27 | D        | Found a shimmering altar of Xom.
    27 | D        | Found an ornate altar of the Wu Jian Council.
    27 | D        | Found a sacrificial altar of Ru.
    27 | D        | Found a stormy altar of Qazlal.
    27 | D        | Found an iron altar of Okawaru.
    27 | D        | Found a sparkling altar of Nemelex Xobeh.
    27 | D        | Found a burning altar of Makhleb.
    27 | D        | Found a blossoming altar of Fedhas.
    27 | D        | Found a white marble altar of Elyvilon.
    27 | D        | Found a shadowy altar of Dithmenos.
    27 | D        | Found a snail-covered altar of Cheibriados.
    28 | D        | Found a radiant altar of Vehumet.
    28 | D        | Found a corrupted altar of Lugonu.
    29 | D        | Found an ancient bone altar of Kikubaaqudgha.
    29 | D        | Found a hide-covered altar of Uskayaw.
    29 | D        | Found a broken altar of Ashenzari.
    31 | D        | Became a worshipper of Ru the Awakened
    48 | D        | Gained mutation: You are somewhat unskilled. (-1 Apt) [Ru
                  | sacrifice]
    48 | D        | Reached * piety under Ru
    88 | D        | Reached skill level 5 in Maces & Flails
    88 | D        | Reached XP level 2. HP: 19/19 MP: 2/2
   118 | D        | Reached XP level 3. HP: 23/23 MP: 3/3
   202 | D        | Noticed a kobold brigand
   202 | D        | Noticed a wight
   204 | D        | Noticed a wight
   217 | D        | Reached skill level 6 in Maces & Flails
   219 | D        | Killed a wight
   220 | D        | Reached skill level 8 in Maces & Flails
   220 | D        | Reached XP level 4. HP: 15/28 MP: 4/4
   222 | D        | Reached skill level 5 in Fighting
   224 | D        | Reached XP level 5. HP: 20/35 MP: 5/5
   225 | D        | Reached skill level 9 in Maces & Flails
   227 | D        | Killed a kobold brigand
   228 | D        | Reached skill level 10 in Maces & Flails
   230 | D        | Reached XP level 6. HP: 25/40 MP: 6/6
   276 | D        | Noticed a water moccasin
   290 | D        | Killed a water moccasin
   291 | D        | Reached skill level 11 in Maces & Flails
   294 | D        | Reached skill level 12 in Maces & Flails
   298 | D        | Reached XP level 7. HP: 18/47 MP: 7/7
   463 | D        | Gained mutation: You are somewhat inexperienced. (-1 XL)
                  | [Ru sacrifice]
   463 | D        | Reached XP level 6. HP: 44/44 MP: 6/6
   463 | D        | Reached ** piety under Ru
   463 | D        | Reached *** piety under Ru
   483 | D        | Noticed a wyvern
   485 | D        | Killed a wyvern
   486 | D        | Reached skill level 13 in Maces & Flails
   486 | D        | Reached XP level 7. HP: 38/49 MP: 7/7
   539 | D        | Reached skill level 14 in Maces & Flails
   677 | D        | Noticed a hornet
   677 | D        | Noticed a troll
   693 | D        | Killed a hornet
   694 | D        | Reached skill level 10 in Fighting
   695 | D        | Slain by a troll

Illustrated notes

Levels and vault maps discovered:
D:        pitsprint [storerooms_1, entrance_room_1, metal_vault_2, armoury_2,
          mini_pit_1, grid_room_1, main_hall_1, silver_pit, the_coven_1,
          the_vestibule_1, steel_vault_5, golden_pit, hallway_of_sentries,
          crystal_vault_2, iron_vault_2, final_vault]

Skill      XL: |  1  2  3  4  5  6  7 |
---------------+----------------------+-----
Maces & Flails | 5 8 10 13 14 | 14.0
Fighting       | 5 6 10 | 10.5
Armour         | 3 4 |  4.0
Dodging        | |  2.1

Action                     |  1- 3 |  4- 6 |  7- 9 || total
---------------------------+-------+-------+-------++-------
  Melee: Mace              |    31 |       |       ||    31
         Flail             |     4 |    33 |    35 ||    72
 Invoke: Sacrifice Skill   |     1 |       |       ||     1
         Sacrifice Experie |       |     1 |       ||     1
 Armour: Robe              |    13 |       |       ||    13
         Chain mail        |     2 |    19 |    25 ||    46
  Dodge: Dodged            |    15 |    12 |    15 ||    42

Table legend: (Time is in decaauts)
 A = Elapsed time spent in this place.
 B = Non-inter-level travel time spent in this place.
 C = Inter-level travel time spent in this place.
 D = Time resting spent in this place.
 E = Time spent auto-exploring this place.
 F = Levels seen in this place.
 G = Mean time per level.
                   A        B        C        D        E       F      G
               +--------+--------+--------+--------+--------+-----+--------+
         Total |    714 |    714 |      0 |    370 |      0 |   1 |  714.0 |
       Dungeon |    714 |    714 |      0 |    370 |      0 |   1 |  714.0 |
               +--------+--------+--------+--------+--------+-----+--------+

Top non-repeatable levels by time:
       D: 714 daAuts
